Warning! The script has encountered some errors when parsing the replay. Please report them to the . » details
0x00, prev: 0x16: 16 02 01 00 7C 41 00 00 2A 6F 01 00 [00] 00 00 00 00 00 00 00 00 00 00 00 00 00 00 00 00 00 00 00 00 00 00 00 00 00
0x00, prev: 0x00: 16 02 01 00 7C 41 00 00 2A 6F 01 00 00 00 00 00 00 00 00 00 00 00 00 00 00 00 00 00 00 00 00 00 00 00 00 00 [00] 00
0x00, prev: 0x02: 16 02 08 00 0C 05 00 00 87 F9 06 00 E4 3F 00 00 BF 3F 07 00 6B 44 00 00 E5 3F 07 00 42 46 00 00 AD F9 06 00 99 5F 00 00 13 49 07 00 74 60 00 00 99 3F 07 00 C5 60 00 00 61 F9 06 00 5A 61 00 00 37 49 07 00 00 00 00 00 00 00 00 00 00 00 00 00 00 00 00 00 00 00 00 00 00 00 00 00 02 [00]
0x00, prev: 0x04: 16 02 01 00 B6 5E 00 00 7F 9C 04 00 00 00 00 00 00 00 00 00 00 00 00 00 00 00 00 00 00 00 00 00 00 00 00 00 04 [00]
0x00, prev: 0x01: 16 02 01 00 4B 42 00 00 56 B6 00 00 00 00 00 00 00 00 00 00 00 00 00 00 00 00 00 00 00 00 00 00 00 00 00 00 01 [00] 02 11 00 18 00 03 1A 19 6C 61 70 48 D8 45 00 00 87 B9 00 00 02 1F 00 12 18 00 03 00 0D 00 FF FF FF FF FF FF FF FF 60 D1 F6 44 56 67 6F C5 5A 55 00 00 4A 4D 06 00
0x0C, prev: 0x00: 16 02 01 00 4B 42 00 00 56 B6 00 00 00 00 00 00 00 00 00 00 00 00 00 00 00 00 00 00 00 00 00 00 00 00 00 00 [0C] 00
0x0D, prev: 0x00: 16 02 01 00 7C 41 00 00 2A 6F 01 00 00 00 00 00 00 00 00 00 00 00 00 00 00 00 00 00 00 00 00 00 00 00 00 00 [0D] 00
General information
- name: BNet
- type: Ladder team game (AT/RT)
- host: Battle.net
- saver: DasWarEinKnelle
map: Highperch
- players: 6
- length: 56:48
- speed: Fast
- version: 1.23 W3XP
- replay type: Public
» download(273 KB)
Players
team 1 (winner)
cannibalism (
pink | 47 APM | 2207 actions | 47:00)
4 Mountain King
3 Storm Bolt
1 Bash
1 Archmage
1 Blizzard
» actions
| Assign group hotkey | 29 | |
| Basic commands | 26 | |
| Build / train | 187 | |
| Enter build submenu | 94 | |
| Enter hero's abilities submenu | 6 | |
| Give item / drop item | 2 | |
| Right click | 910 | |
| Select / deselect | 516 | |
| Select group hotkey | 270 | |
| Use ability | 167 | |
2207 total
» units
| Peasant | 17 | |
| Mortar Team | 8 | |
| Sorceress | 3 | |
| Siege Engine | 14 | |
| Dragonhawk Rider | 2 | |
44 total
» upgrades
| Masonry | 2 | |
| Plating | 2 | |
| Swords | 2 | |
| Lumber Harvesting | 1 | |
| Flare | 1 | |
| Magic Sentry | 1 | |
| Sorceress Training | 2 | |
| Gunpowder | 2 | |
| Fragmentation Shards | 1 | |
| Barrage | 1 | |
| Animal War Training | 1 | |
| Cloud | 1 | |
17 total
» buildings
| Lumber Mill | 2 | |
| Farm | 11 | |
| Scout Tower | 74 | |
| Altar of Kings | 1 | |
| Arcane Tower | 7 | |
| Guard Tower | 85 | |
| Arcane Vault | 2 | |
| Keep | 3 | |
| Blacksmith | 1 | |
| Barracks | 1 | |
| Arcane Sanctum | 1 | |
| Workshop | 4 | |
| Castle | 4 | |
| Gryphon Aviary | 2 | |
198 total
» build order
00:07 Lumber Mill
00:53 Farm
00:54 Farm
01:04 Scout Tower
01:06 Scout Tower
01:10 Altar of Kings
01:32 Scout Tower
01:33 Arcane Tower
01:34 Arcane Tower
01:37 Scout Tower
01:37 Arcane Tower
01:45 Arcane Tower
01:45 Arcane Tower
01:45 Arcane Tower
02:16 Guard Tower
02:17 Guard Tower
02:17 Guard Tower
02:18 Scout Tower
02:20 Scout Tower
02:23 Guard Tower
02:23 Guard Tower
02:25 Scout Tower
02:26 Scout Tower
02:28 Scout Tower
02:36 Farm
02:38 Farm
02:51 Guard Tower
02:53 Scout Tower
02:55 Scout Tower
02:58 Guard Tower
02:58 Guard Tower
02:59 Guard Tower
03:01 Scout Tower
03:04 Scout Tower
03:09 Scout Tower
03:10 Scout Tower
03:22 Farm
03:27 Guard Tower
03:27 Guard Tower
03:27 Guard Tower
03:37 Guard Tower
03:37 Guard Tower
03:37 Guard Tower
03:44 Guard Tower
03:44 Guard Tower
03:50 Guard Tower
03:53 Scout Tower
03:55 Scout Tower
03:56 Scout Tower
03:59 Guard Tower
04:02 Scout Tower
04:03 Scout Tower
04:06 Scout Tower
04:11 Guard Tower
04:14 Scout Tower
04:15 Scout Tower
04:20 Scout Tower
04:21 Scout Tower
04:23 Scout Tower
04:24 Scout Tower
04:25 Scout Tower
04:26 Scout Tower
04:34 Guard Tower
04:34 Guard Tower
04:37 Guard Tower
04:38 Guard Tower
04:38 Guard Tower
04:53 Guard Tower
04:54 Guard Tower
04:54 Guard Tower
04:58 Guard Tower
04:58 Guard Tower
04:58 Guard Tower
05:08 Scout Tower
05:09 Scout Tower
05:10 Guard Tower
05:13 Guard Tower
05:15 Scout Tower
05:17 Arcane Vault
05:40 Guard Tower
05:47 Arcane Vault
05:49 Guard Tower
05:50 Guard Tower
05:50 Guard Tower
05:52 Guard Tower
05:52 Guard Tower
05:52 Guard Tower
05:53 Guard Tower
06:09 Keep
06:09 Keep
06:14 Guard Tower
06:14 Guard Tower
06:14 Guard Tower
06:14 Guard Tower
06:42 Blacksmith
06:44 Scout Tower
06:46 Scout Tower
07:04 Guard Tower
07:10 Farm
07:11 Farm
07:11 Farm
07:20 Guard Tower
07:23 Scout Tower
07:43 Scout Tower
07:44 Scout Tower
07:45 Scout Tower
07:50 Barracks
07:55 Scout Tower
07:56 Scout Tower
07:57 Scout Tower
08:01 Guard Tower
08:13 Farm
08:29 Guard Tower
08:30 Guard Tower
08:30 Guard Tower
08:41 Guard Tower
09:00 Arcane Sanctum
09:17 Workshop
09:24 Workshop
10:01 Guard Tower
10:01 Guard Tower
10:01 Guard Tower
11:54 Castle
11:55 Castle
12:07 Farm
12:08 Farm
12:11 Scout Tower
12:20 Scout Tower
12:21 Scout Tower
12:22 Scout Tower
12:24 Scout Tower
13:37 Guard Tower
14:38 Scout Tower
14:39 Scout Tower
14:40 Scout Tower
14:42 Scout Tower
15:31 Workshop
15:32 Workshop
15:33 Gryphon Aviary
15:36 Gryphon Aviary
15:57 Guard Tower
15:57 Guard Tower
15:58 Guard Tower
20:08 Scout Tower
20:08 Scout Tower
20:09 Scout Tower
20:12 Scout Tower
20:14 Scout Tower
20:16 Scout Tower
20:18 Scout Tower
20:20 Scout Tower
20:20 Scout Tower
20:22 Scout Tower
20:24 Scout Tower
20:25 Scout Tower
20:27 Scout Tower
20:28 Scout Tower
20:48 Guard Tower
20:48 Guard Tower
20:49 Guard Tower
20:49 Guard Tower
21:09 Scout Tower
21:12 Guard Tower
21:23 Scout Tower
21:25 Scout Tower
21:35 Scout Tower
21:37 Scout Tower
21:40 Scout Tower
22:15 Lumber Mill
22:23 Scout Tower
22:25 Scout Tower
23:22 Guard Tower
23:24 Guard Tower
» items
| Boots of Speed | 1 | |
| Staff of Teleportation | 1 | |
| Mechanical Critter | 2 | |
| Scroll of Regeneration | 1 | |
| Potion of Lesser Invulnerability | 1 | |
| Potion of Invisibility | 3 | |
9 total
DasWarEinKnelle (
green | 57 APM | 2697 actions | 47:02)
9 Blademaster
3 Wind Walk
3 Critical Strike
1 Bladestorm
2 Mirror Image
1 Mountain King
1 Bash
» actions
| Assign group hotkey | 59 | |
| Basic commands | 25 | |
| Build / train | 64 | |
| ESC pressed | 3 | |
| Enter build submenu | 40 | |
| Enter hero's abilities submenu | 11 | |
| Give item / drop item | 11 | |
| Right click | 1211 | |
| Select / deselect | 294 | |
| Select group hotkey | 749 | |
| Use ability | 230 | |
2697 total
» units
» upgrades
| Ranged Weapons | 1 | |
| Liquid Fire | 1 | |
| Reinforced Defenses | 1 | |
3 total
» buildings
| Altar of Storms | 1 | |
| Orc Burrow | 3 | |
| War Mill | 3 | |
| Voodoo Lounge | 2 | |
| Watch Tower | 18 | |
| Stronghold | 2 | |
| Fortress | 1 | |
| Beastiary | 6 | |
| Great Hall | 1 | |
37 total
» build order
00:05 Altar of Storms
00:10 Orc Burrow
00:30 War Mill
01:27 Voodoo Lounge
01:29 Voodoo Lounge
01:50 Orc Burrow
03:13 Watch Tower
03:17 Watch Tower
03:49 Stronghold
03:50 Stronghold
04:21 Watch Tower
05:27 Watch Tower
05:30 Watch Tower
06:17 Fortress
06:20 Beastiary
06:21 Beastiary
06:44 Orc Burrow
07:06 Great Hall
07:31 Beastiary
07:56 Beastiary
14:24 Beastiary
14:24 Beastiary
14:28 Watch Tower
14:28 Watch Tower
14:29 Watch Tower
14:29 Watch Tower
15:13 Watch Tower
15:14 Watch Tower
17:57 War Mill
19:44 Watch Tower
19:45 Watch Tower
19:46 Watch Tower
19:47 Watch Tower
20:02 Watch Tower
23:24 Watch Tower
» items
| Boots of Speed | 1 | |
| Staff of Teleportation | 1 | |
| Lesser Clarity Potion | 3 | |
| Healing Salve | 3 | |
| Orb of Lightning | 1 | |
| Tiny Great Hall | 2 | |
| Potion of Healing | 1 | |
| Scroll of Town Portal | 2 | |
14 total
DEATHOFLOVE (
orange | 44 APM | 2056 actions | 47:00)
7 Warden
3 Shadow Strike
3 Blink
1 Spirit of Vengeance
» actions
| Assign group hotkey | 9 | |
| Basic commands | 4 | |
| Build / train | 77 | |
| Enter build submenu | 22 | |
| Enter hero's abilities submenu | 7 | |
| Give item / drop item | 4 | |
| Right click | 1409 | |
| Select / deselect | 323 | |
| Select group hotkey | 16 | |
| Use ability | 185 | |
2056 total
» units
| Wisp | 32 | |
| Druid of the Talon | 11 | |
43 total
» upgrades
| Nature's Blessing | 1 | |
| Druid of the Talon Training | 2 | |
| Strength of the Wild | 2 | |
| Reinforced Hides | 2 | |
| Mark of the Talon | 1 | |
| Ultravision | 1 | |
| Well Spring | 1 | |
10 total
» buildings
| Altar of Elders | 2 | |
| Moon Well | 12 | |
| Tree of Ages | 1 | |
| Tree of Life | 3 | |
| Hunter's Hall | 1 | |
| Ancient of Wind | 2 | |
| Ancient of Wonders | 1 | |
| Tree of Eternity | 1 | |
23 total
» build order
00:05 Altar of Elders
00:29 Moon Well
02:36 Moon Well
02:53 Moon Well
03:53 Moon Well
04:09 Moon Well
05:08 Moon Well
05:44 Moon Well
05:55 Tree of Ages
06:14 Tree of Life
08:00 Hunter's Hall
08:50 Moon Well
08:55 Moon Well
09:07 Ancient of Wind
09:08 Ancient of Wind
11:03 Ancient of Wonders
13:10 Tree of Eternity
22:07 Tree of Life
23:00 Tree of Life
23:24 Moon Well
35:00 Altar of Elders
» items
| Boots of Speed | 1 | |
| Circlet of Nobility | 1 | |
| Staff of Teleportation | 1 | |
| Orb of Lightning | 1 | |
| Scroll of Town Portal | 3 | |
| Potion of Healing | 1 | |
| Tome of Retraining | 1 | |
9 total
team 2 (loser)
Bellator (
red | 74 APM | 1724 actions | 23:24)
4 Paladin
1 Holy Light
2 Devotion Aura
1 Divine Shield
» actions
| Assign group hotkey | 25 | |
| Build / train | 68 | |
| Enter build submenu | 27 | |
| Enter hero's abilities submenu | 4 | |
| Right click | 697 | |
| Select / deselect | 390 | |
| Select group hotkey | 441 | |
| Use ability | 72 | |
1724 total
» units
| Peasant | 21 | |
| Footman | 8 | |
| Dragonhawk Rider | 13 | |
| Mortar Team | 3 | |
| Gryphon Rider | 5 | |
50 total
» upgrades
| Lumber Harvesting | 2 | |
| Cloud | 1 | |
| Animal War Training | 1 | |
| Storm Hammers | 1 | |
| Swords | 1 | |
6 total
» buildings
| Altar of Kings | 1 | |
| Barracks | 1 | |
| Farm | 12 | |
| Scout Tower | 2 | |
| Arcane Tower | 2 | |
| Town Hall | 1 | |
| Lumber Mill | 1 | |
| Keep | 1 | |
| Arcane Vault | 1 | |
| Castle | 1 | |
| Gryphon Aviary | 3 | |
| Blacksmith | 1 | |
| Workshop | 2 | |
29 total
» build order
00:08 Altar of Kings
00:22 Barracks
00:36 Farm
00:52 Farm
01:35 Farm
03:12 Scout Tower
03:27 Arcane Tower
03:33 Town Hall
04:00 Scout Tower
04:21 Lumber Mill
04:29 Arcane Tower
05:30 Keep
06:58 Arcane Vault
07:52 Castle
07:55 Gryphon Aviary
07:57 Gryphon Aviary
08:01 Gryphon Aviary
08:39 Farm
08:41 Farm
09:18 Farm
09:31 Farm
09:32 Farm
10:12 Farm
10:58 Blacksmith
11:26 Farm
11:54 Workshop
11:57 Workshop
18:40 Farm
19:58 Farm
» items
| Potion of Healing | 1 | |
| Healing Salve | 1 | |
| Scroll of Speed | 1 | |
3 total
x)Q.Bellozozzo (
yellow | 94 APM | 2200 actions | 23:24)
4 Death Knight
2 Death Coil
2 Unholy Aura
3 Lich
2 Frost Nova
1 Frost Armor
» actions
| Assign group hotkey | 26 | |
| Basic commands | 1 | |
| Build / train | 64 | |
| Enter build submenu | 21 | |
| Enter hero's abilities submenu | 8 | |
| Remove unit from queue | 2 | |
| Right click | 702 | |
| Select / deselect | 282 | |
| Select group hotkey | 1041 | |
| Use ability | 53 | |
2200 total
» units
| Acolyte | 13 | |
| Ghoul | 3 | |
| Crypt Fiend | 9 | |
| Obsidian Statue | 6 | |
| Meatwagon | 4 | |
| Frost Wyrm | 1 | |
36 total
» upgrades
| Creature Attack | 2 | |
| Web | 1 | |
| Unholy Strength | 1 | |
| Destroyer Form | 1 | |
| Freezing Breath | 1 | |
6 total
» buildings
| Graveyard | 1 | |
| Crypt | 1 | |
| Altar of Darkness | 1 | |
| Ziggurat | 8 | |
| Tomb of Relics | 1 | |
| Nerubian Tower | 2 | |
| Halls of the Dead | 2 | |
| Slaughterhouse | 2 | |
| Black Citadel | 1 | |
| Necropolis | 1 | |
| Sacrificial Pit | 1 | |
| Boneyard | 2 | |
| Spirit Tower | 2 | |
25 total
» build order
00:15 Graveyard
00:18 Crypt
00:43 Altar of Darkness
01:00 Ziggurat
01:25 Tomb of Relics
01:57 Nerubian Tower
02:33 Ziggurat
03:33 Halls of the Dead
04:38 Ziggurat
06:42 Slaughterhouse
06:54 Ziggurat
08:43 Black Citadel
09:00 Necropolis
09:17 Slaughterhouse
10:03 Ziggurat
11:49 Ziggurat
12:46 Nerubian Tower
15:22 Sacrificial Pit
15:24 Ziggurat
15:26 Ziggurat
16:24 Boneyard
16:27 Boneyard
17:21 Spirit Tower
17:22 Spirit Tower
» items
| Rod of Necromancy | 1 | |
| Sacrificial Skull | 1 | |
| Dust of Appearance | 2 | |
4 total
y-u-c-k (
teal | 118 APM | 5563 actions | 46:59)
4 Tauren Chieftain
2 War Stomp
2 Endurance Aura
3 Shadow Hunter
1 Healing Wave
2 Hex
» actions
| Assign group hotkey | 37 | |
| Basic commands | 12 | |
| Build / train | 81 | |
| Enter build submenu | 26 | |
| Enter hero's abilities submenu | 7 | |
| Give item / drop item | 1 | |
| Remove unit from queue | 4 | |
| Right click | 1781 | |
| Select / deselect | 663 | |
| Select group hotkey | 2830 | |
| Use ability | 121 | |
5563 total
» units
| Peon | 7 | |
| Grunt | 6 | |
| Tauren | 8 | |
| Troll Batrider | 10 | |
| Troll Witch Doctor | 4 | |
| Frost Wyrm | 7 | |
| Gryphon Rider | 1 | |
| Acolyte | 8 | |
| Peasant | 1 | |
| Flying Machine | 2 | |
54 total
» upgrades
| Witch Doctor Training | 2 | |
| Liquid Fire | 1 | |
| Pulverize | 1 | |
| Pillage | 1 | |
| Spiked Barricades | 2 | |
| Creature Attack | 1 | |
8 total
» buildings
| Altar of Storms | 1 | |
| Orc Burrow | 7 | |
| Barracks | 1 | |
| Voodoo Lounge | 1 | |
| Stronghold | 1 | |
| War Mill | 1 | |
| Fortress | 1 | |
| Beastiary | 1 | |
| Tauren Totem | 1 | |
| Spirit Lodge | 1 | |
| Necropolis | 1 | |
| Ziggurat | 1 | |
| Spirit Tower | 0 | |
18 total
» build order
00:08 Altar of Storms
00:13 Orc Burrow
00:37 Barracks
01:32 Orc Burrow
02:06 Voodoo Lounge
03:24 Stronghold
03:27 Orc Burrow
04:10 War Mill
04:53 Orc Burrow
05:45 Fortress
07:35 Beastiary
08:02 Orc Burrow
08:15 Tauren Totem
09:47 Orc Burrow
10:33 Spirit Lodge
11:34 Orc Burrow
30:44 Necropolis
35:18 Ziggurat
38:20 Spirit Tower
» items
| Healing Salve | 1 | |
| Scroll of Speed | 1 | |
| Potion of Healing | 2 | |
| Dust of Appearance | 1 | |
| Potion of Lesser Invulnerability | 1 | |
6 total
Chat log
(00:13 / Allies) DasWarEinKnelle: senmd peasants now
(00:15 / Allies) DEATHOFLOVE: send now
(00:18 / Allies) DasWarEinKnelle: ur the hu
(00:24 / Allies) DasWarEinKnelle: 1 each side to start
(00:38 / All) DEATHOFLOVE: welcome to hell niggers
(00:47 / All) DasWarEinKnelle: Have Fun and Go Italy!
(00:57 / All) DEATHOFLOVE: HI FROM?
(01:01 / All) DEATHOFLOVE: ME CHINA KEKEKEKEKE
(01:01 / All) Bellator: italy!
(01:16 / All) DasWarEinKnelle: Bone Filladoce!
(01:18 / All) DasWarEinKnelle: gl hf
(01:33 / All) DEATHOFLOVE: Fight with honor and manner!
(01:34 / All) x)Q.Bellozozzo: ggglhf
(02:04 / Allies) cannibalism: wood
(02:20 / Allies) DasWarEinKnelle: damn
(02:21 / Allies) DasWarEinKnelle: already
(03:25 / Allies) DasWarEinKnelle: ya a little laggy
(03:41 / Allies) DasWarEinKnelle: go steal their greens
(03:42 / Allies) cannibalism: goddamn wood
(04:18 / Allies) cannibalism: shitty optical mouse
(04:31 / Allies) DEATHOFLOVE: which one drops iotem
(04:33 / Allies) DEATHOFLOVE: ?
(04:38 / Allies) DasWarEinKnelle: top
(04:59 / Allies) DasWarEinKnelle: lure expos
(05:39 / All) DEATHOFLOVE: kekeke me china
(06:02 / Allies) DasWarEinKnelle: teck
(06:15 / Allies) DasWarEinKnelle: shit ur morts gona be late
(06:26 / Allies) cannibalism: fuck i forgot about hat
(06:33 / All) Bellator: this scherzi a parte?
(06:37 / All) DasWarEinKnelle: si
(06:38 / All) DasWarEinKnelle: a bonno
(06:50 / All) DEATHOFLOVE: ^-^
(07:37 / Allies) cannibalism: should i bother to get a barracks for animal war training?
(07:43 / Allies) DEATHOFLOVE: yes
(08:54 / Allies) cannibalism: i feel like im forgetting something
(09:05 / Allies) DasWarEinKnelle: sanctuary?
(09:11 / Allies) cannibalism: i need an archmage
(09:28 / Allies) DasWarEinKnelle: lets creep that
(09:30 / Allies) DasWarEinKnelle: ya
(09:39 / Allies) DEATHOFLOVE: sry if im slow im pretty high
(09:40 / Allies) DEATHOFLOVE: lol
(09:41 / Allies) DasWarEinKnelle: get botos and staff
(09:51 / All) x)Q.Bellozozzo: u smoke true?
(09:55 / Allies) cannibalism: ill get em later
(10:19 / All) DEATHOFLOVE: hi from?
(10:23 / All) DEATHOFLOVE: me china
(10:24 / Allies) DasWarEinKnelle: lol
(10:31 / All) x)Q.Bellozozzo: italy
(10:49 / Allies) cannibalism: what happened
(10:51 / Allies) DasWarEinKnelle: a hawk
(10:52 / Allies) DasWarEinKnelle: 2 bats
(11:39 / Allies) cannibalism: feed me some
(11:46 / Allies) cannibalism: godl for boots
(12:14 / Allies) DasWarEinKnelle: get at lest 2 sorcs
(12:17 / Allies) DasWarEinKnelle: so dont make 2 many morst
(12:34 / Allies) DasWarEinKnelle: cancel mort
(12:38 / Allies) DasWarEinKnelle: we need sorcs
(12:49 / All) DasWarEinKnelle: ciao!
(12:52 / Allies) cannibalism: im getting 2
(12:56 / Allies) cannibalism: at least before we go over food
(14:00 / Allies) cannibalism: bats needed
(14:37 / Allies) DasWarEinKnelle: shti
(14:56 / Allies) DasWarEinKnelle: wood
(15:06 / Allies) DasWarEinKnelle: wood me
(15:07 / Allies) DasWarEinKnelle: fast
(15:50 / Allies) DasWarEinKnelle: get a perch up asap
(16:03 / All) Bellator: you play sc?
(16:11 / All) DEATHOFLOVE: yes
(16:15 / All) DEATHOFLOVE: sc very happy
(16:18 / Allies) cannibalism: need wood
(16:20 / All) Bellator: this is warcraft
(16:34 / Allies) DasWarEinKnelle: make the hall
(17:12 / Allies) cannibalism: fuck im broke too
(17:26 / Allies) DasWarEinKnelle: get all uc an up htere
(18:28 / Allies) DEATHOFLOVE: at least they have no fucking elf for chims
(18:54 / Allies) DasWarEinKnelle: build w/e u can
(19:24 / Allies) DasWarEinKnelle: tommy tp up
(19:27 / Allies) cannibalism: dont give me any more gold
(19:29 / Allies) DasWarEinKnelle: k
(20:03 / Allies) cannibalism: lol
(20:28 / Allies) DasWarEinKnelle: i dont think well win
(20:29 / Allies) DasWarEinKnelle: but w/e
(20:34 / Allies) DasWarEinKnelle: at least we got perched
(21:07 / Allies) DEATHOFLOVE: siege tanks werent the ebst choice lol
(21:16 / Allies) cannibalism: theyre good aa
(21:19 / All) y-u-c-k: why dont leave
(21:23 / All) DasWarEinKnelle: y dont u
(21:26 / All) DEATHOFLOVE: why dont you leave
(21:27 / All) cannibalism: why indeed
(21:51 / Allies) cannibalism: spare me some wood
(21:57 / All) y-u-c-k: bye noob
(22:04 / All) DEATHOFLOVE: bye pro
(22:18 / Allies) DEATHOFLOVE: lol
(22:22 / Allies) DEATHOFLOVE: only 20 gold
(22:24 / Allies) DEATHOFLOVE: T-T
(22:31 / Allies) cannibalism: only 60 food
(22:32 / Allies) cannibalism: :S
(22:35 / Allies) DasWarEinKnelle: we have flare/
(22:36 / Allies) DasWarEinKnelle: ?
(22:40 / Allies) cannibalism: 3 morts
(22:49 / Allies) DasWarEinKnelle: falre my bme
(23:24 / Allies) DasWarEinKnelle: it looked like a lot of fun
(23:32 / Allies) DasWarEinKnelle: i think teal is peonless
(23:48 / Allies) DEATHOFLOVE: i almost started hacking after losing to lucasbot in solo
(23:56 / Allies) DEATHOFLOVE: i hacked 3 solos on west went 3 - 0
(24:00 / Allies) DasWarEinKnelle: nice
(24:13 / Allies) DEATHOFLOVE: but ive went 6 - 0 with no hacks
(24:15 / Allies) DEATHOFLOVE: so meh
(24:28 / Allies) DasWarEinKnelle: my best rt recod was without hacks
(24:39 / All) y-u-c-k: me have all night
(24:41 / Allies) DasWarEinKnelle: but ive never really tried to make a stats acct hacking
(24:50 / Allies) DEATHOFLOVE: my best rt record as 21 - 2 on dtr after the reset
(24:51 / All) DasWarEinKnelle: its 1 pm
(24:55 / All) cannibalism: That's good to hear
(24:55 / Allies) DEATHOFLOVE: i stabbed so much
(24:56 / All) DasWarEinKnelle: and i just got fired yesterday
(25:16 / Allies) DEATHOFLOVE: that was when i got rank 1 after reset
(25:20 / Allies) DEATHOFLOVE: had it for a day lol
(25:25 / Allies) cannibalism: theres nothing to do down here for a level 3 mk
(25:30 / Allies) DasWarEinKnelle: i was outta town for the reset
(25:34 / Allies) DasWarEinKnelle: i lost my rank 15
(25:37 / Allies) DasWarEinKnelle: and never got it back
(25:52 / Allies) DEATHOFLOVE: u should heighten ur ell on bruce
(25:56 / Allies) DEATHOFLOVE: and rt with me :)
(26:22 / Allies) cannibalism: im going to move your dotts around for a bit
(26:28 / Allies) DEATHOFLOVE: ok
(26:36 / Allies) cannibalism: the other air creep is still up there
(27:11 / Allies) DEATHOFLOVE: i
(27:33 / Allies) DasWarEinKnelle: red is peonless if i get this main
(27:57 / All) DasWarEinKnelle: see ya!
(27:59 / All) DasWarEinKnelle: peace!
(28:50 / Allies) DEATHOFLOVE: so
(29:04 / Allies) DEATHOFLOVE: me and my girlfriend went with my family to the mall today
(29:11 / Allies) DEATHOFLOVE: where they were doing this huge thing for kids
(29:20 / Allies) DEATHOFLOVE: with all the games and science stuff
(29:25 / Allies) DEATHOFLOVE: it was so fun
(29:36 / Allies) DasWarEinKnelle: science?
(29:43 / Allies) DEATHOFLOVE: we almost got kicked out for being too old but we were with our brother
(29:55 / Allies) DEATHOFLOVE: yeah just like toys and games based on science
(30:08 / Allies) DEATHOFLOVE: pullies and lego cars and stuff like that
(30:09 / All) DasWarEinKnelle: close 1!
(30:21 / Allies) DEATHOFLOVE: can i expo this?
(30:21 / Allies) DasWarEinKnelle: i havent been to the mall in a long time
(30:24 / Allies) DasWarEinKnelle: ya
(30:28 / Allies) DEATHOFLOVE: k
(30:30 / Allies) cannibalism: orange
(30:31 / Allies) cannibalism: your expo
(30:33 / Allies) cannibalism: is under siege
(30:36 / Allies) DEATHOFLOVE: k
(31:06 / Allies) DEATHOFLOVE: i go to the mall a lot
(31:08 / Allies) DEATHOFLOVE: o_o
(32:46 / Allies) DEATHOFLOVE: lol
(33:16 / Allies) cannibalism: nighttime
(33:17 / Allies) cannibalism: turn night
(33:24 / Allies) cannibalism: im tired already my mk wants to sleep
(33:40 / Allies) cannibalism: NIGHT
(33:49 / Allies) DasWarEinKnelle: mk stay here
(33:54 / Allies) DasWarEinKnelle: dop nto arlert
(33:55 / Allies) DasWarEinKnelle: them
(33:56 / Allies) DasWarEinKnelle: to my presence
(33:59 / Allies) DasWarEinKnelle: ill hadnle this myself
(34:55 / Allies) DasWarEinKnelle: shit
(34:57 / All) DEATHOFLOVE: MARIN NO
(35:39 / All) DasWarEinKnelle: if it flies, it dies
(35:55 / All) DEATHOFLOVE: all i feel is pain
(35:57 / All) DEATHOFLOVE: :(
(36:07 / Allies) DEATHOFLOVE: BRB PEE
(36:19 / Allies) cannibalism: that last acolyte
(36:23 / Allies) cannibalism: is going to get his brains mashed
(37:09 / Allies) cannibalism: he has a gyro
(37:45 / Allies) DEATHOFLOVE: I HAVE RETURNED FROM PEEING
(37:58 / Allies) DasWarEinKnelle: ya that gyro is a problem
(38:03 / Allies) DEATHOFLOVE: we got this toilet paper
(38:07 / Allies) cannibalism: theres 2 now
(38:10 / Allies) DEATHOFLOVE: it has shea butter in it
(38:15 / Allies) DEATHOFLOVE: it feels really weird
(38:16 / Allies) cannibalism: you eat it?
(38:18 / Allies) DEATHOFLOVE: no
(38:20 / Allies) DasWarEinKnelle: shea
(38:21 / Allies) DasWarEinKnelle: mike jones
(38:22 / Allies) cannibalism: jk
(38:27 / Allies) DEATHOFLOVE: i wipe my vagoo with it silly
(38:34 / Allies) DEATHOFLOVE: it feels weird
(39:43 / Allies) cannibalism: whered you put that pig
(40:08 / Allies) cannibalism: short legs
(40:12 / Allies) cannibalism: run faster
(40:20 / Allies) cannibalism: aw you got it
(41:07 / Allies) DEATHOFLOVE: so i discovred something amazing today
(41:09 / Allies) cannibalism: damn unholy
(41:13 / Allies) DasWarEinKnelle: ut
(41:15 / Allies) DasWarEinKnelle: wut
(41:31 / Allies) DEATHOFLOVE: i have completely stopped independent complex thought
(41:40 / Allies) DEATHOFLOVE: and am just group thinking and going with the majority
(41:46 / Allies) DEATHOFLOVE: im so much happier
(42:17 / Allies) DasWarEinKnelle: that may come back to hautn u
(42:26 / Allies) DasWarEinKnelle: waht does that even mena
(42:27 / Allies) cannibalism: i don't even know what you said
(42:34 / Allies) cannibalism: lol
(42:36 / Allies) DEATHOFLOVE: it hurt my head for awhile stopping myself from questioning things
(42:42 / Allies) DEATHOFLOVE: it means i stopped thinking
(42:43 / Allies) DEATHOFLOVE: lol
(43:00 / Allies) cannibalism: gosh dont lead them to me
(43:03 / Allies) DasWarEinKnelle: retrain ur mk to mana aura
(43:09 / Allies) cannibalism: :(
(43:19 / Allies) DasWarEinKnelle: teach him to ride a horse
(43:31 / Allies) cannibalism: the am was only level 1 when it died anyway
(43:46 / Allies) cannibalism: i thought theyd put hteir heros on our tower wall and its the first time i played the hu in a while
(43:51 / Allies) cannibalism: so i got a mk
(44:03 / Allies) DEATHOFLOVE: life is just so much easier not thinking and bbeng like everyone else
(44:05 / Allies) DEATHOFLOVE: :/
(44:10 / Allies) DasWarEinKnelle: thats what zen is
(44:11 / Allies) DasWarEinKnelle: right?
(44:18 / Allies) DEATHOFLOVE: maybe
(44:28 / All) cannibalism: Your town is under siege!
(44:38 / All) DasWarEinKnelle: das war ein kneller1
(44:43 / Allies) cannibalism: they don't care
(44:48 / All) DEATHOFLOVE: kelv sternhammer!
(44:49 / Allies) DasWarEinKnelle: its 1 guy
(44:57 / Allies) cannibalism: towers give xp
(45:10 / Allies) cannibalism: its probably more like theyre afraid of getting strung out with that bm hanging around
(45:29 / Allies) DasWarEinKnelle: got a fiend with staffstorm
(46:06 / Allies) cannibalism: the main barely hurts
(46:19 / Allies) cannibalism: inc
(46:32 / All) cannibalism: NOPE
(46:35 / All) cannibalism: close one though
(46:50 / Allies) DEATHOFLOVE: i kinda wanna mh now
(46:51 / Allies) DEATHOFLOVE: zzz
(46:55 / Allies) DasWarEinKnelle: ya its fun